Map: Acid Plant LE

Players

zebo - Winner!

  • Race: Protoss Protoss
  • League: Gold
  • Spawn Location: 5:00

Infamous

  • Race: Protoss Protoss
  • League: Gold
  • Spawn Location: 11:00

VOD

Have the link to the VOD?

Description

Time

  • Played on: April 23, 2018, 3:14 p.m.
  • Length: 15:56
Show
View Real Time Build Order
Export as new Build Order

zebo Protoss - Winner!

Build Orders:  

Get SALT Encoding   

  12  0:01  Probe  
  13  0:13  Probe  
  14  0:18  Pylon  
  14  0:25  Probe  
  15  0:34  Probe  
  15  0:37  Gateway  
  16  0:43  Probe  
  16  0:49  Assimilator  
  17  0:52  Probe  
  18  1:01  Probe  
  18  1:03  Assimilator  
  18  1:09  Probe, Pylon  
  20  1:19  Probe  
  21  1:31  Probe  
  22  1:36  Cybernetics Core  
  22  1:43  Probe  
  23  1:55  Probe  
  24  2:07  Probe  
  25  2:12  Stalker  
  27  2:22  Warp Gate  
  27  2:23  Nexus  
  27  2:26  Pylon  
  27  2:38  Gateway  
  27  2:46  Sentry  
  29  2:52  Pylon  
  29  3:05  Shield Battery  
  29  3:08  Pylon  
  29  3:12  Stalker  
  31  3:30  Robotics Facility  
  31  3:32  Stalker  
  33  3:39  Probe  
  33  3:41  Shield Battery  
  33  3:47  Probe x2  
  36  3:56  Probe  
  36  3:59  Probe, Pylon  
  38  4:06  Stalker  
  40  4:11  Probe x2  
  42  4:21  Observer  
  42  4:23  Probe  
  44  4:24  Probe  
  45  4:32  Probe  
  45  4:34  Stalker  
  45  4:36  Probe  
  49  4:41  Probe  
  49  4:42  Immortal  
  49  4:43  Assimilator  
  54  4:47  Assimilator  
  54  4:48  Probe  
  55  4:59  Gateway  
  55  5:02  Gateway  
  55  5:23  Forge  
  55  5:29  Stalker x2  
  55  5:32  Immortal  
  63  5:38  Stargate  
  63  5:40  Pylon  
  63  5:43  Pylon  
  63  6:05  Stalker  
  63  6:08  Sentry  
  67  6:16  Immortal  
  71  6:20  Zealot  
  71  6:21  Zealot  
  71  6:23  Protoss Ground Weapons Level 1  
  75  6:30  Twilight Council  
  75  6:44  Void Ray  
  79  6:54  Stalker  
  79  7:01  Zealot x3  
  87  7:28  Pylon  
  83  7:30  Pylon  
  83  7:33  Pylon  
  81  7:37  Pylon  
  81  7:40  Pylon  
  77  8:06  Nexus  
  77  8:12  Stalker  
  77  8:13  Stalker x2  
  77  8:15  Zealot  
  77  8:17  Protoss Shields Level 1  
  77  8:19  Void Ray  
  89  8:21  Immortal  
  89  8:22  Charge  
  93  8:55  Gateway  
  93  8:57  Gateway  
  93  8:59  Gateway  
  93  9:01  Stargate  
  93  9:03  Stargate  
  93  9:06  Assimilator  
  93  9:07  Assimilator  
  93  9:09  Stalker x2  
  97  9:10  Stalker x2  
  102  9:24  Observer  
  102  9:25  Probe  
  103  9:33  Probe  
  104  9:43  Probe  
  106  9:45  Observer  
  106  9:51  Stalker  
  106  9:52  Stalker x3  
  112  9:55  Probe  
  115  10:04  Void Ray  
  115  10:06  Void Ray  
  123  10:11  Probe, Protoss Ground Weapons Level 2  
  124  10:21  Probe  
  124  10:23  Probe  
  126  10:29  Probe  
  127  10:35  Probe  
  127  10:37  Zealot x2  
  127  10:38  Probe, Zealot x2  
  127  10:40  Zealot  
  139  10:47  Probe  
  140  10:50  Probe  
  140  10:56  Pylon  
  141  11:00  Probe  
  141  11:01  Pylon  
  141  11:02  Void Ray  
  141  11:03  Probe  
  147  11:12  Probe  
  142  11:21  Fleet Beacon  
  142  11:22  Stalker  
  142  11:24  Probe, Stalker  
  137  11:26  Pylon  
  137  11:31  Probe  
  133  11:39  Probe  
  135  11:49  Probe, Photon Cannon  
  135  11:52  Photon Cannon  
  136  11:54  Photon Cannon  
  136  11:59  Photon Cannon  
  136  12:01  Probe  
  137  12:09  Nexus  
  137  12:11  Pylon  
  137  12:13  Probe, Pylon  
  138  12:18  Pylon  
  138  12:23  Pylon, Stalker  
  140  12:30  Protoss Shields Level 2  
  140  12:37  Void Ray  
  144  13:02  Stalker x2  
  144  13:03  Stalker  
  147  13:28  Stalker x2  
  147  13:29  Stalker  
  153  13:53  Zealot x2  
  153  13:54  Zealot  
  158  14:14  Anion Pulse-Crystals  
  158  14:18  Immortal  
  158  14:20  Stalker x3  
  158  14:21  Stalker  
  170  14:25  Stalker x2  
  170  14:26  Stalker  
  174  14:48  Stalker  
  174  14:49  Stalker  
  174  14:50  Stalker  
  174  14:51  Stalker x2  
  174  14:52  Stalker  
  185  14:57  Immortal  
  160  15:07  Zealot  
  160  15:14  Zealot x2  
  148  15:15  Zealot x4  
Show
View Real Time Build Order
Export as new Build Order

Infamous Protoss 

Build Orders:  

Get SALT Encoding   

  12  0:01  Probe  
  13  0:16  Pylon  
  13  0:18  Probe  
  14  0:34  Probe, Gateway  
  14  0:42  Probe  
  16  0:52  Probe  
  17  0:58  Assimilator  
  17  1:01  Probe  
  17  1:09  Probe  
  19  1:19  Probe  
  19  1:25  Cybernetics Core  
  19  1:37  Zealot  
  19  1:39  Probe  
  22  1:51  Pylon  
  22  2:00  Assimilator  
  22  2:02  Pylon, Warp Gate  
  22  2:09  Gateway  
  22  2:24  Probe  
  22  2:29  Robotics Facility  
  23  2:32  Stalker  
  25  2:52  Nexus  
  25  2:54  Probe  
  26  3:06  Probe  
  26  3:11  Observer  
  27  3:15  Pylon  
  28  3:21  Probe  
  28  3:25  Stalker  
  31  3:27  Sentry  
  33  3:39  Immortal  
  37  4:02  Probe  
  38  4:03  Pylon  
  38  4:09  Immortal  
  38  4:14  Probe  
  39  4:23  Stalker  
  45  4:24  Zealot  
  47  4:34  Probe  
  47  4:38  Shield Battery  
  48  4:39  Shield Battery  
  48  4:55  Sentry x2  
  48  4:58  Observer  
  53  5:12  Assimilator  
  53  5:16  Assimilator  
  53  5:19  Forge  
  53  5:20  Stalker  
  53  5:21  Forge, Sentry  
  56  5:29  Observer  
  57  5:41  Probe  
  57  5:44  Probe  
  59  5:54  Immortal, Gateway  
  59  5:55  Gateway  
  59  6:08  Sentry  
  59  6:09  Stalker  
  67  6:24  Protoss Ground Weapons Level 1  
  67  6:35  Protoss Ground Armor Level 1  
  67  6:37  Probe  
  67  6:38  Probe  
  69  7:02  Pylon  
  69  7:04  Probe  
  69  7:05  Pylon  
  70  7:12  Pylon  
  70  7:19  Warp Prism  
  70  7:20  Probe  
  60  7:43  Stalker  
  54  7:44  Sentry  
  54  7:45  Immortal, Zealot  
  54  7:46  Sentry  
  62  8:03  Stargate  
  62  8:05  Stargate  
  58  8:07  Probe x2  
  60  8:19  Probe  
  61  8:27  Nexus  
  61  8:30  Twilight Council  
  61  8:34  Stalker  
  61  8:37  Sentry x2  
  61  8:38  Sentry  
  69  8:42  Probe  
  70  8:49  Pylon  
  70  9:11  Photon Cannon  
  70  9:14  Shield Battery  
  70  9:17  Shield Battery  
  70  9:18  Shield Battery  
  70  9:22  Pylon  
  70  9:23  Probe  
  71  9:25  Pylon  
  71  9:34  Probe  
  71  9:36  Probe  
  71  9:37  Protoss Ground Weapons Level 2  
  71  9:38  Dark Shrine  
  73  9:40  Probe  
  74  9:47  Phoenix  
  74  9:48  Probe  
  74  9:52  Probe  
  78  10:20  Probe  
  78  10:21  Probe x2  
  81  10:31  Stalker x2  
  81  10:32  Stalker x2  
  81  10:33  Probe  
  90  10:39  Void Ray  
  90  10:42  Probe x2  
  92  10:45  Probe, Observer  
  98  11:03  Dark Templar x3  
  104  11:09  Dark Templar  
  94  11:36  Probe x3  
  94  11:38  Shadow Stride  
  97  11:41  Void Ray x2  
  97  11:43  Immortal  
  109  11:48  Probe  
  110  11:59  Probe  
  110  12:00  Probe  
  110  12:01  Probe  
  113  12:13  Assimilator  
  113  12:16  Dark Templar x2  
  113  12:18  Assimilator, Zealot x2  
  113  12:22  Observer  
  122  12:34  Protoss Ground Armor Level 2  
  122  12:37  Pylon, Photon Cannon  
  122  12:38  Probe x3  
  122  12:40  Pylon, Photon Cannon  
  125  12:56  Dark Templar x2  
  125  12:57  Dark Templar  
  131  13:24  Zealot  
  133  13:37  Gateway  
  133  13:39  Gateway  
  133  13:43  Gateway  
  133  13:45  Archon  
  131  13:50  Probe  
  131  13:51  Probe  
  131  13:58  Stalker x4  
  135  14:07  Immortal, Phoenix  
  141  14:34  Pylon  
  141  14:36  Pylon  
  141  14:42  Pylon  
  141  14:51  Phoenix  
  141  14:52  Probe x2  
  60  15:28  Stalker  
  60  15:29  Stalker x6  
Tags
 
League
GoldGold
Matchup
PvP
Replay Pack
Last Remnant (2)
Spawn Locations
Cross Positions
Add a new tag
Caveats
  • Supply blocks, unpowered buildings, or Contaminate may cause inaccurate times.
  • Supply counts are checked every 10 seconds.